 Dungeon Crawl Stone Soup version 0.29.1-13-g9f3cf754e1 (webtiles) character file.

Game seed: 10189593132417363492

149846 VictoriousLee the Devastator (level 17, -12/97 HPs)
             Began as a Gargoyle Earth Elementalist on Feb 2, 2023.
             Was a High Priest of Vehumet.
             Mangled by a tentacle (14 damage)
             ... attached to a kraken
             ... on level 4 of the Shoals on Feb 7, 2023.
             The game lasted 05:20:01 (38249 turns).

VictoriousLee the Devastator (GrEE)                Turns: 38249, Time: 05:20:01

Health: -12/97     AC: 28    Str: 15    XL:     17   Next: 52%
Magic:  19/40      EV: 10    Int: 21    God:    Vehumet [*****.]
Gold:   2633       SH:  9    Dex: 10    Spells: 0/36 levels left

rFire   + . .      SeeInvis .   a - +12 mace "Otzydoe" {venom, rPois}
rCold   . . .      Faith    .   r - +0 buckler
rNeg    + + .      Spirit   .   z - +1 ring mail {Will+}
rPois   ∞          Reflect  +   f - +2 helmet
rElec   +          Harm     .   N - +0 cloak
rCorr   .          Rampage  .   d - +1 pair of gloves
Will    ++...                   C - +0 pair of boots
Stlth   +.........              T - amulet of reflection
HPRegen 0.26/turn               w - ring "Suuqateth" {rF+ rN+ MP+9}
MPRegen 0.27/turn               u - ring of wizardry

@: flying
A: sickness immunity, AC +12, big wings, negative energy resistance 1,
electricity resistance, torment resistance 1, petrification resistance
a: Renounce Religion


You were on level 4 of the Shoals.
You worshipped Vehumet.
Vehumet was extremely pleased with you.
You visited 6 branches of the dungeon, and saw 28 of its levels.
You also visited: Volcano.

You collected 3632 gold pieces.
You spent 999 gold pieces at shops.

Inventory:

Hand Weapons
 a - the +12 mace "Otzydoe" (weapon) {venom, rPois}
   (You found it on level 7 of the Dungeon)

   It poisons the flesh of those it strikes.
   rPois:     It protects you from poison.
Missiles
 j - 33 poisoned darts
 l - 6 boomerangs of dispersal
 v - 4 curare-tipped darts
 Q - 3 throwing nets
Armour
 d - a +1 pair of gloves (worn)
 f - a +2 helmet (worn)
 r - a +0 buckler (worn)
 z - a +1 ring mail of willpower (worn)
 C - a +0 pair of boots (worn)
 F - a +3 leather armour of fire resistance
 G - the +4 robe of Augmentation {Str+4 Int+4 Dex+4}
   (You found it on level 3 of the Dungeon)

   Str:       It affects your strength (+4).
   Int:       It affects your intelligence (+4).
   Dex:       It affects your dexterity (+4).
 N - a +0 cloak (worn)
Magical Staves
 b - a staff of fire
Jewellery
 o - a ring of fire
 u - a ring of wizardry (right hand)
 w - the ring "Suuqateth" (left hand) {rF+ rN+ MP+9}
   (You acquired it on level 2 of the Orcish Mines)

   [ring of positive energy]

   rF:        It protects you from fire.
   rN:        It protects you from negative energy.
   MP:        It affects your magic capacity (+9).
 J - a ring of protection from fire
 K - a ring of ice
 T - an amulet of reflection (around neck)
 U - a ring of fire
 V - a ring of positive energy
 X - a ring of resist corrosion
Wands
 c - a wand of acid (19)
 q - a wand of charming (7)
 s - a wand of mindburst (19)
 O - a wand of flame (28)
 S - a wand of polymorph (26)
 Z - a wand of roots (35)
Scrolls
 g - a scroll of silence
 h - 6 scrolls of blinking
 i - 2 scrolls of fog
 m - 8 scrolls of fear
 n - a scroll of amnesia
 y - 14 scrolls of teleportation
 A - a scroll of poison
 D - 4 scrolls of magic mapping
 H - a scroll of summoning
Potions
 e - 8 potions of curing
 t - a potion of haste
 x - 2 potions of cancellation
 B - a potion of resistance
 E - 6 potions of might
 I - 3 potions of ambrosia
 L - 2 potions of invisibility
 P - 3 potions of brilliance
 Y - 5 potions of lignification
Miscellaneous
 k - a tin of tremorstones (2/2)
 p - a box of beasts (inert)
 M - a condenser vane
 W - a phantom mirror


   Skills:
 - Level 8.0 Fighting
 - Level 14.0 Maces & Flails
 - Level 6.0 Armour
 - Level 1.5 Dodging
 - Level 2.1 Stealth
 - Level 4.0 Shields
 - Level 10.3 Spellcasting
 - Level 15.0 Conjurations
 * Level 6.3 Summonings
 - Level 0.7 Transmutations
 - Level 13.3 Fire Magic
 - Level 13.0 Earth Magic
 - Level 8.2 Evocations


You couldn't memorise any spells.
You knew the following spells:

 Your Spells              Type           Power      Damage    Failure   Level
a - Iron Shot             Conj/Erth      31%        9d6       1%          6
b - Spellforged Servitor  Conj/Summ      26%        N/A       16%         7
c - Sandblast             Erth           100%       2d20      1%          1
f - Freezing Cloud        Conj/Ice/Air   15%        6-21      6%          5
i - Ignite Poison         Fire/Tmut/Pois 30%        N/A       1%          3
p - Passwall              Tmut/Erth      32%        N/A       1%          2
s - Starburst             Conj/Fire      31%        6d10      1%          6
x - Foxfire               Conj/Fire      100%       2x1d9     1%          1
z - Fireball              Conj/Fire      31%        3d13      1%          5

Your spell library contained the following spells:

 Spells                   Type           Power      Damage    Failure   Level
 Call Canine Familiar     Summ           37%        N/A       1%          3
 Mephitic Cloud           Conj/Pois/Air  31%        N/A       1%          3
 Stone Arrow              Conj/Erth      100%       3d13      1%          3
 Animate Armour           Summ/Erth      100%       N/A       1%          4
 Poisonous Vapours        Pois/Air       20%        N/A       2%          2
 Lightning Bolt           Conj/Air       21%        1d36      2%          5
 Petrify                  Tmut/Erth      39%        N/A       3%          4
 Beastly Appendage        Tmut           26%        N/A       4%          1
 Leda's Liquefaction      Hex/Erth       19%        N/A       4%          4
 Sting                    Tmut/Pois      48%        1d5       5%          1
 Wereblood                Tmut           13%        N/A       7%          2
 Spider Form              Tmut/Pois      12%        N/A       16%         3
 Olgreb's Toxic Radiance  Pois           10%        N/A       16%         4
 Portal Projectile        Hex/Tloc       20%        N/A       17%         3
 Tukima's Dance           Hex            10%        N/A       17%         3
 Lehudib's Crystal Spear  Conj/Erth      31%        10d8      30%         8
 Ignition                 Fire           30%        3d10      36%         8
 Summon Forest            Summ/Tloc      12%        N/A       41%         5
 Summon Mana Viper        Hex/Summ       24%        N/A       41%         5
 Summon Cactus Giant      Summ           18%        N/A       52%         6
 Blade Hands              Tmut           6%         N/A       73%         5
 Eringya's Noxious Bog    Tmut/Pois      6%         N/A       82%         6
 Summon Hydra             Summ           18%        N/A       97%         7
 Dispersal                Tloc           5%         N/A       100%        6
 Simulacrum               Ice/Necr       5%         N/A       100%        6
 Ozocubu's Refrigeration  Ice            5%         4d8       100%        7
 Disjunction              Tloc           5%         N/A       100%        8
 Polar Vortex             Ice            5%         N/A       100%        9


Dungeon Overview and Level Annotations

Branches:
Dungeon (15/15)            Temple (1/1) D:4            Lair (5/5) D:11
 Shoals (4/4) Lair:2       Spider (0/4) Lair:2        Slime (0/5) Lair:5
    Orc (2/2) D:10            Elf (1/3) Orc:2        Vaults (0/5) D:13
 Depths (0/4) D:15        Volcano (visited)

Altars:
Ashenzari
Cheibriados
Dithmenos
Elyvilon
Fedhas
Gozag
Hepliaklqana
Kikubaaqudgha
Makhleb
Nemelex Xobeh
Okawaru
Qazlal
Ru
Sif Muna
Trog
Uskayaw
Vehumet
Wu Jian
Xom
Yredelemnul
Zin
The Shining One

Shops:
D:5 (   D:11 *   D:12 [*   D:13 [   D:15 **   Orc:1 !   Orc:2 [:??(
Shoals:4 (

Portals:
Trove: D:14 (give +3 gold dragon scales)

Annotations:
D:4 2 runed translucent doors, cdecastro's ghost, amateur GnAM
D:5 2 runed translucent doors, Roshnak's ghost, weakling DsDe
D:7 3 runed translucent doors, javelincjr's ghost, novice DgCj
D:9 1 runed translucent door, hbarley's ghost, novice HOFi
D:12 1 runed translucent door, booth's ghost, journeyman GnWn
Shoals:4 Louise; Roxanne


Innate Abilities, Weirdness & Mutations

You are immune to sickness and miasma.
Your stone body is resilient. (AC +12)
You are immune to poison.
Your large and strong wings let you fly.
You resist negative energy. (rN+)
You are resistant to electric shocks. (rElec)
You are resistant to unholy torment.
You are immune to petrification.


Message History

You feel your power returning.
You hear a splash. x2; You hear a shout!
The merfolk is engulfed in a cloud of scalding steam.
The merfolk barely misses you.
The merfolk is engulfed in a cloud of scalding steam. x3
The merfolk throws a silver boomerang.
The silver boomerang hits you but does no damage.
Casting: Fireball (mildly dangerous; 1% risk of failure)
Confirm with . or Enter, or press ? or * to list all spells.
Aiming: Fireball (mildly dangerous; 1% risk of failure)
Press: ? - help, Shift-Dir - straight line, f - merfolk
Aim: a merfolk, wielding a +0 trident (steam, water, almost dead)
The fireball explodes!
The fireball engulfs the merfolk!
You kill the merfolk!
Vehumet accepts your kill.
You feel your power returning.
You hear a splash.
The fireball engulfs the merfolk!!
You kill the merfolk!
Vehumet accepts your kill.
You hear a splash. x2
The water nymph is engulfed in a cloud of scalding steam.
The water nymph points at you and mumbles some strange words.
The water rises up and strikes you. The kraken attacks as you move away!
The kraken bites you!!
Tentacles burst out of the water! 4 tentacles come into view.
The water nymph flows with the water.
A tentacle segment bursts forth from the water. x5
The tentacle slaps you!
* * * LOW HITPOINT WARNING * * *
The tentacle slaps you!
* * * LOW HITPOINT WARNING * * *
The tentacle slaps you but does no damage.
You block the tentacle's attack.
The tentacle slaps you but does no damage.
The tentacle slaps you!
* * * LOW HITPOINT WARNING * * *
The tentacle slaps you!
You die...

~~.#(..#......~~≈≈≈≈≈≈≈≈≈≈≈≈≈≈≈≈≈
≈~.#..(#).....~~≈≈≈≈≈≈≈≈≈≈≈≈≈≈≈≈≈
≈~.#...#......~~~~~X≈≈≈≈≈≈≈≈≈≈≈≈≈
≈~.#.((#......~~~~~~~~≈≈≈≈≈≈≈≈≈≈≈
≈~.##∩##....).~~~~~~~~~≈≈≈≈≈≈≈≈≈≈
≈~.÷...........m~***.~~~≈≈≈≈≈≈≈≈≈
≈≈~..!.........*~││....~~≈≈≈≈≈≈≈≈
≈≈~...†........www│.....~≈≈≈≈≈≈≈~
≈≈~~....<.....~.@w......~≈≈≈≈≈≈~~
≈≈≈~~.........~.........~~≈≈≈≈~~~
≈≈≈≈~~...........)......~~≈≈≈≈~~~
≈≈≈≈~~~~.....~..#####...~≈≈≈≈≈~~~
≈≈≈≈≈≈~~~~...~~##~~~##..~≈≈≈≈≈~~~
≈≈≈≈≈≈≈~~..~~~~#~~~~~#.~~≈≈≈≈≈~~~
≈≈≈≈≈≈≈≈~~...~.#~~~~~'~~≈≈≈≈≈≈~~~
≈≈≈≈≈≈≈≈~~.....#~~~~~#~≈≈≈≈≈≈≈~~~
~≈≈≈≈≈≈≈~~~~..~##~~~##≈≈≈≈≈≈≈≈~~~


You could see a kraken, 4 tentacles and a water nymph.

Vanquished Creatures
  Rupert (Orc:2)
  A kraken (Shoals:3)
  Polyphemus (Shoals:4)
  Ilsuiw (Shoals:3)
  An orc warlord (Orc:1)
  Nessos (D:13)
  Snorg (Lair:4)
  5 merfolk impalers
  4 hydras
  4 vault guards (D:13)
  5 merfolk avatars
  6 boulder beetles
  4 catoblepae
  Erica (D:10)
  A two-headed ogre (D:13)
  4 centaur warriors
  A death knight (D:14)
  4 orc high priests (Orc:2)
  A dancing weapon (Orc:2)
  A vampire mage (D:15)
  A titan zombie (D:15)
  6 death yaks (Lair:5)
  2 tengu warriors
  Urug (D:13)
  Sonja (Lair:1)
  4 skeletal warriors
  Amaemon (D:10)
  A death drake (shapeshifter) (D:13)
  12 sea snakes
  A golden dragon zombie (D:15)
  6 lindwurms
  An anaconda skeleton (Volcano)
  4 orc knights
  5 ugly things
  A necromancer (D:15)
  22 harpies
  5 deep elf pyromancers
  An orc sorcerer (Orc:2)
  7 cyclopes
  16 manticores
  A moth of wrath (shapeshifter) (D:14)
  14 fauns
  16 elephants
  A toenail golem (Volcano)
  Maurice (D:13)
  5 black mambas
  9 merfolk sirens
  10 cane toads
  3 water nymphs
  An orange demon (D:10)
  6 gargoyles
  A torpor snail (Lair:2)
  A molten gargoyle (D:13)
  Maggie (D:7)
  2 unseen horrors
  5 komodo dragons
  13 rime drakes
  4 efreet
  A tengu conjurer (D:13)
  8 trolls
  33 merfolk
  6 slime creatures (D:13)
  7 polar bears
  A harpy skeleton (Volcano)
  Prince Ribbit (D:5)
  20 blink frogs
  A spriggan zombie (D:15)
  9 snapping turtles
  5 wind drakes
  18 dream sheep (Lair:5)
  3 flying skulls (Volcano)
  2 wraiths
  A shadow (D:11)
  23 yaks
  12 water elementals
  2 alligator skeletons (Volcano)
  4 vampires
  5 basilisks
  2 wyverns
  Eustachio (D:5)
  Grum (Lair:1)
  11 steam dragons
  3 redbacks (Lair:2)
  8 vampire mosquitoes
  A warg (Orc:2)
  A human zombie (D:15)
  An acid dragon (D:10)
  12 water moccasins
  2 black bears
  A swamp drake (D:10)
  32 orc warriors
  2 ice beasts
  2 sky beasts
  6 ogres
  6 centaurs
  14 wolves
  2 kobold brigands
  10 bullfrogs
  3 gnoll sergeants
  6 scorpions
  4 wights (D:9)
  12 killer bees
  A spriggan skeleton (Volcano)
  4 electric eels
  2 howler monkeys (D:11)
  3 troll skeletons (Volcano)
  A lava snake (D:13)
  10 hounds
  A jelly (D:8)
  3 gnoll boudas
  29 orc priests
  Crazy Yiuf (D:5)
  5 iguanas
  Terence (D:3)
  36 orc wizards
  7 hell rats (Lair:5)
  3 naga skeletons (Volcano)
  28 gnolls
  7 adders
  A shadow imp (D:7)
  3 white imps
  3 ufetubi
  2 worms
  3 dart slugs
  99 orcs
  10 endoplasms
  5 giant cockroaches
  11 goblins
  14 hobgoblins
  6 jackals
  3 quokkas
  8 ball pythons
  4 bats
  5 frilled lizards
  15 kobolds
  8 rats
  A plant (Shoals:3)
888 creatures vanquished.

Vanquished Creatures (collateral kills)
  A snapping turtle (Shoals:4)
  A foxfire (Lair:1)
2 creatures vanquished.

Vanquished Creatures (others)
  A manticore (Shoals:4)
  274 foxfires
  26 fungi
  136 plants
  43 tentacles (Shoals:3)
  5 withered plants (D:15)
485 creatures vanquished.

Grand Total: 1375 creatures vanquished

Notes
Turn   | Place    | Note
-------+----------+-------------------------------------------
     0 | D:1      | VictoriousLee the Gargoyle Earth Elementalist began the
                  | quest for the Orb.
     0 | D:1      | Reached XP level 1. HP: 10/10 MP: 3/3
   177 | D:1      | Found a faded altar of an unknown god.
   197 | D:1      | Reached XP level 2. HP: 15/15 MP: 0/5
   670 | D:1      | Reached skill level 5 in Earth Magic
   670 | D:1      | Reached XP level 3. HP: 15/19 MP: 2/6
  1321 | D:2      | Reached XP level 4. HP: 24/24 MP: 2/7
  1911 | D:2      | Learned a level 2 spell: Passwall
  1915 | D:2      | Learned a level 3 spell: Stone Arrow
  1955 | D:2      | Reached skill level 1 in Conjurations
  2267 | D:3      | Reached XP level 5. HP: 27/28 MP: 6/8
  2309 | D:3      | Reached skill level 3 in Conjurations
  2445 | D:3      | Noticed Terence
  2452 | D:3      | Killed Terence
  2519 | D:3      | Reached skill level 4 in Conjurations
  2530 | D:3      | Reached XP level 6. HP: 32/32 MP: 3/9
  2763 | D:3      | Found the +4 robe of Augmentation {Str+4 Int+4 Dex+4}
  2788 | D:3      | Found a glowing golden altar of the Shining One.
  2925 | D:3      | Found a shimmering blue altar of Sif Muna.
  3041 | D:4      | Found an iron altar of Okawaru.
  3106 | D:4      | Found a shimmering altar of Xom.
  3205 | D:4      | Noticed a black bear
  3224 | D:4      | Found a staircase to the Ecumenical Temple.
  3233 | Temple   | Entered the Ecumenical Temple
  3413 | Temple   | Became a worshipper of Vehumet
  3512 | D:4      | Found an ancient bone altar of Kikubaaqudgha.
  3684 | D:4      | Reached skill level 5 in Conjurations
  3923 | D:4      | Killed a black bear
  3924 | D:4      | Reached XP level 7. HP: 36/36 MP: 5/10
  3979 | D:4      | Found a sacrificial altar of Ru.
  4279 | D:4      | Found a large runed translucent door.
  4279 | D:4      | Found a large runed translucent door.
  4282 | D:4      | Noticed cdecastro's ghost (amateur GnAM)
  4320 | D:5      | Entered Level 5 of the Dungeon
  4415 | D:5      | Identified the +9 rapier of the Kissing Spider {elec,
                  | Dex+5}
  4744 | D:5      | Reached skill level 6 in Conjurations
  5176 | D:5      | Found a runed translucent door.
  5183 | D:5      | Noticed Roshnak's ghost (weakling DsDe)
  5190 | D:5      | Noticed Eustachio
  5193 | D:5      | Killed Eustachio
  5194 | D:5      | Reached XP level 8. HP: 31/41 MP: 7/11
  5328 | D:5      | Found Zeicwiuv's Antique Weapon Shop.
  5328 | D:5      | Noticed Prince Ribbit
  5334 | D:5      | Killed Prince Ribbit
  5335 | D:5      | Reached skill level 7 in Conjurations
  5430 | D:5      | Found a runed translucent door.
  5550 | D:5      | Reached * piety under Vehumet
  5550 | D:5      | Offered knowledge of Foxfire by Vehumet.
  5553 | D:5      | Learned a level 1 spell: Foxfire
  6083 | D:5      | Found a runed translucent door.
  6084 | D:5      | Noticed Crazy Yiuf
  6097 | D:5      | Killed Crazy Yiuf
  6296 | D:6      | Reached skill level 8 in Conjurations
  6831 | D:6      | Reached skill level 10 in Earth Magic
  6831 | D:6      | Reached XP level 9. HP: 45/45 MP: 3/12
  6850 | D:6      | Reached skill level 9 in Conjurations
  8065 | D:7      | Reached ** piety under Vehumet
  8310 | D:7      | Noticed Maggie
  8325 | D:7      | Killed Maggie
  8325 | D:7      | Offered knowledge of Freeze by Vehumet.
  8326 | D:7      | Reached skill level 5 in Spellcasting
  8707 | D:7      | Found a runed translucent gate.
  8707 | D:7      | Found a runed translucent gate.
  8708 | D:7      | Found a runed translucent gate.
  8747 | D:7      | Noticed javelincjr's ghost (novice DgCj)
  8810 | D:7      | Identified the +12 mace "Otzydoe" {venom, rPois}
  9323 | D:8      | Learned a level 3 spell: Mephitic Cloud
  9392 | D:8      | Found a white marble altar of Elyvilon.
  9487 | D:8      | Offered knowledge of Dazzling Flash by Vehumet.
  9488 | D:8      | Reached XP level 10. HP: 50/50 MP: 12/20
  9682 | D:8      | Reached skill level 10 in Conjurations
  9724 | D:8      | Found a blossoming altar of Fedhas.
  9852 | D:9      | Learned a level 3 spell: Ignite Poison
 10045 | D:9      | Found a runed translucent door.
 10046 | D:9      | Noticed hbarley's ghost (novice HOFi)
 10075 | D:9      | Reached *** piety under Vehumet
 10280 | D:9      | Reached skill level 11 in Conjurations
 10357 | D:9      | Offered knowledge of Inner Flame by Vehumet.
 10947 | D:10     | Entered Level 10 of the Dungeon
 11023 | D:10     | Reached skill level 12 in Conjurations
 11215 | D:10     | Found a broken altar of Ashenzari.
 11233 | D:10     | Noticed an orange demon
 11233 | D:10     | Noticed Amaemon
 11244 | D:10     | Killed an orange demon
 11257 | D:10     | Killed Amaemon
 11524 | D:10     | Noticed Erica
 11530 | D:10     | Killed Erica
 11531 | D:10     | Reached XP level 11. HP: 48/54 MP: 11/21
 11755 | D:10     | Learned a level 5 spell: Freezing Cloud
 11836 | D:10     | Reached **** piety under Vehumet
 11880 | D:10     | Found a staircase to the Orcish Mines.
 12392 | D:11     | Noticed a green ugly thing
 12428 | D:11     | Killed a purple ugly thing
 12501 | D:11     | Found a staircase to the Lair.
 12509 | D:11     | Offered knowledge of Lightning Bolt by Vehumet.
 12685 | D:11     | Learned a level 5 spell: Lightning Bolt
 12747 | D:11     | Reached skill level 1 in Fighting
 12840 | D:11     | Noticed a manticore
 12840 | D:11     | Noticed a manticore
 12844 | D:11     | Killed a manticore
 12868 | D:11     | Killed a manticore
 13120 | D:11     | Reached skill level 5 in Fighting
 13268 | D:11     | Found Ruutto Kypnu's Assorted Antiques.
 13398 | D:11     | Reached XP level 12. HP: 72/72 MP: 8/24
 13760 | D:11     | Noticed a boulder beetle
 13772 | D:11     | Killed a boulder beetle
 14071 | Lair:1   | Entered Level 1 of the Lair of Beasts
 14103 | Lair:1   | Reached skill level 1 in Maces & Flails
 14269 | Lair:1   | Noticed a catoblepas
 14272 | Lair:1   | Reached skill level 1 in Shields
 14276 | Lair:1   | Killed a catoblepas
 14368 | Lair:1   | Noticed Grum
 14373 | Lair:1   | Killed Grum
 14477 | Lair:1   | Noticed an eight-headed hydra
 14488 | Lair:1   | Killed an eight-headed hydra
 14615 | Lair:1   | Noticed Sonja
 14619 | Lair:1   | Killed Sonja
 15037 | Lair:2   | Found a dark tunnel.
 15068 | Lair:2   | Reached skill level 5 in Maces & Flails
 15074 | Lair:2   | Reached ***** piety under Vehumet
 15109 | Lair:2   | Reached skill level 1 in Fire Magic
 15112 | Volcano  | Entered a volcano
 15192 | Volcano  | Offered knowledge of Hailstorm by Vehumet.
 15543 | Volcano  | Reached skill level 5 in Fire Magic
 16163 | Volcano  | Reached XP level 13. HP: 70/78 MP: 14/25
 16715 | Lair:2   | Found a hole to the Spider Nest.
 16942 | Lair:2   | Found a staircase to the Shoals.
 17914 | Lair:3   | Found a shimmering altar of Xom.
 18275 | Lair:3   | Identified the amulet of Venov Xim {Spirit Str+4 Dex+4}
 18279 | Lair:3   | Identified the +1 mace of Bedazzling Anguish {flame, Str+4}
 18641 | Lair:4   | Reached skill level 10 in Maces & Flails
 18941 | Lair:4   | Noticed Snorg
 18948 | Lair:4   | Killed Snorg
 19553 | Lair:5   | Entered Level 5 of the Lair of Beasts
 19557 | Lair:5   | Gained mutation: Your large and strong wings let you fly.
                  | [Gargoyle growth]
 19557 | Lair:5   | Reached XP level 14. HP: 84/84 MP: 24/26
 19936 | Lair:5   | Offered knowledge of Fireball by Vehumet.
 20519 | Lair:5   | Learned a level 5 spell: Fireball
 20977 | Lair:5   | Found a staircase to the Slime Pits.
 21231 | Lair:5   | Offered knowledge of Starburst by Vehumet.
 21251 | Lair:5   | Reached skill level 10 in Fire Magic
 21255 | Lair:5   | Reached XP level 15. HP: 45/88 MP: 18/28
 21558 | Lair:5   | Learned a level 6 spell: Starburst
 22790 | Orc:1    | Entered Level 1 of the Orcish Mines
 22840 | Orc:1    | Noticed an orc warlord
 22853 | Orc:1    | Killed an orc warlord
 22854 | Orc:1    | Reached skill level 1 in Evocations
 22979 | Orc:1    | Found Ehiujus's Distillery.
 23924 | Orc:2    | Entered Level 2 of the Orcish Mines
 23952 | Orc:2    | Offered knowledge of Yara's Violent Unravelling by Vehumet.
 24272 | Orc:2    | Noticed Rupert
 24277 | Orc:2    | Paralysed by Rupert for 5 turns
 24283 | Orc:2    | Paralysed by Rupert for 2 turns
 24291 | Orc:2    | Killed Rupert
 24614 | Orc:2    | Found Athruitoo's Book Boutique.
 24614 | Orc:2    | Found Senedd's Armour Boutique.
 24614 | Orc:2    | Found Asyminny's Magic Scroll Shop.
 24618 | Orc:2    | Found Utrannai's Weapon Shop.
 24825 | Orc:2    | Found Teck's Magic Scroll Emporium.
 24859 | Orc:2    | Found a staircase to the Elven Halls.
 24911 | Orc:2    | Reached skill level 10 in Spellcasting
 25269 | D:11     | Bought a triangular amethyst amulet for 175 gold pieces
 25403 | Orc:2    | Bought a scroll of acquirement for 780 gold pieces
 25405 | Orc:2    | Acquired the ring "Suuqateth" {rF+ rN+ MP+9}
 25983 | D:12     | Found an opulent altar of Gozag.
 25987 | D:12     | Found Gozag's Platinum Reserve.
 26016 | D:12     | Found Foyvetos's Antique Armour Emporium.
 26457 | Orc:2    | Bought a scroll of amnesia for 44 gold pieces
 26458 | Orc:2    | Acquired 714 gold pieces
 27091 | D:12     | Reached skill level 1 in Armour
 27554 | D:12     | Found a runed translucent door.
 27556 | D:12     | Noticed booth's ghost (journeyman GnWn)
 28087 | D:13     | Found a gate to the Vaults.
 28096 | D:13     | Reached skill level 5 in Armour
 28407 | D:13     | Noticed Urug
 28424 | D:13     | Killed Urug
 28425 | D:13     | Reached skill level 13 in Conjurations
 28775 | D:13     | Noticed Nessos
 28782 | D:13     | Killed Nessos
 29080 | D:13     | Reached XP level 16. HP: 80/93 MP: 30/30
 29085 | D:13     | Found Zaebept's Armour Boutique.
 29258 | D:13     | Noticed Maurice
 29262 | D:13     | Killed Maurice
 29506 | D:14     | Reached skill level 14 in Conjurations
 29758 | D:14     | Identified the +3 quarterstaff of Ujifiggu {pain, rPois rC+
                  | rCorr}
 30155 | D:14     | Found the +6 lightning scales {swift, rElec}
 30156 | D:14     | Found a portal to a secret trove of treasure.
 30601 | D:15     | Entered Level 15 of the Dungeon
 30890 | D:15     | Found a radiant altar of Vehumet.
 31004 | D:15     | Found a staircase to the Depths.
 31182 | D:15     | Found Elae's Specific Store.
 31184 | D:15     | Found Plog's General Store.
 31558 | D:15     | Reached skill level 15 in Conjurations
 32068 | Elf:1    | Entered Level 1 of the Elven Halls
 32430 | Shoals:1 | Entered Level 1 of the Shoals
 32793 | Shoals:1 | Offered knowledge of Spellforged Servitor by Vehumet.
 34081 | Shoals:2 | Identified the +7 rapier of Puetzelu {vorpal, rF++ Int-4}
 34150 | Shoals:2 | Reached skill level 5 in Evocations
 34549 | Shoals:3 | Noticed a kraken
 34889 | Shoals:3 | Reached XP level 17. HP: 76/97 MP: 30/31
 35810 | Shoals:3 | Learned a level 7 spell: Spellforged Servitor
 36080 | Shoals:3 | Reached skill level 1 in Summonings
 36091 | Shoals:3 | Noticed Ilsuiw
 36408 | Shoals:3 | Killed Ilsuiw
 36758 | Shoals:3 | Killed a kraken
 36907 | Shoals:4 | Entered Level 4 of the Shoals
 36907 | Shoals:4 | Noticed Louise
 36907 | Shoals:4 | Noticed Roxanne
 36907 | Shoals:4 | Noticed Polyphemus
 37041 | Shoals:4 | Found Niefrein's Firing Range.
 37131 | Shoals:4 | Killed Polyphemus
 37585 | Shoals:4 | Reached skill level 5 in Summonings
 37817 | Shoals:4 | Offered knowledge of Iron Shot by Vehumet.
 38198 | Shoals:4 | Learned a level 6 spell: Iron Shot
 38236 | Shoals:4 | Noticed a kraken
 38249 | Shoals:4 | HP: 2/97 [tentacle[a kraken] (11)]
 38249 | Shoals:4 | Mangled by a tentacle

Illustrated notes

Levels and vault maps discovered:
D:1:      lightli_arrival_maybe_door_vault, layout_basic,
          shapermc_ecumenical_altar_acropolis
D:2:      layout_loops_corners, minmay_tetromino_i4
D:3:      layout_rooms, mainiacjoe_overflow_24_doors,
          nicolae_overflow_crystal_walls, minmay_misc_feat_rows, uniq_terence
D:4:      layout_loops_ring, nicolae_ru_path_of_blood,
          okawaru_ov_weapons_minmay, xom_teletrap_fun, kennysheep_mini_moat,
          minmay_temple_entry_drinking_statues, ebering_ghost_disaster_area
D:5:      layout_basic, serial_shops, nicolae_stop_n_shop_1,
          ebering_ghost_sewer_f, uniq_eustachio, uniq_crazy_yiuf_cottage,
          uniq_prince_ribbit1
D:6:      minmay_evil_eye, layout_layer_cave, kennysheep_generic_room_15
D:7:      layout_basic, gammafunk_ghost_split, uniq_maggie
D:8:      layout_basic, mainiacjoe_overflow_alcove_1,
          mainiacjoe_overflow_six_doors_small, disabler_island
D:9:      layout_loops_corners, hellmonk_ghost_big_iron
D:10:     layout_roguey, nicolae_ashenzari_skybound, erik_orc_1, uniq_amaemon,
          uniq_erica
D:11:     layout_cave_pods, erik_lair_island, serial_shops, nicolae_shop_stone,
          chequers_serial_rivers_marsh, minmay_between
D:12:     layout_basic, ebering_ghost_reflecting_pool, serial_shops,
          nicolae_inconvenience_store, nicolae_gozag_zags_fifth_avenue
D:13:     layout_big_octagon, lightli_vaults_fourway_checkpoint, serial_shops,
          shop_statue, uniq_maurice, uniq_nessos, uniq_urug
D:14:     layout_basic, trove_entry_hex_spiral, nrook_campfire
D:15:     gammafunk_depths_entry_grave, layout_stronghold, vehumet_crystals,
          nicolae_specific_store
Temple:   nicolae_temple_bog_church
Lair:1:   layout_chaotic_city, serial_bayou_shore_a, uniq_grum, uniq_sonja
Lair:2:   layout_concentric_octagons, elwin_shoals_entry_stream,
          spider_nest_entry_webs, enter_volcano_1, minivault_19,
          beast_lair_carwin_9
Lair:3:   layout_chaotic_city, basic_altar, minivault_19, minmay_lindwurm_lava
Lair:4:   layout_regular_city, uniq_snorg
Lair:5:   gammafunk_lair_ancient_temple, layout_big_grid, slime_entry_1,
          chequers_serial_rivers_room_b, st_stairs_11, serial_bayou_pond_a,
          bobbens_dragon_lair_wall
Shoals:1: layout_shoals, nicolae_shoals_water_elemental_grotto
Shoals:2: layout_shoals
Shoals:3: layout_shoals, uniq_ilsuiw
Shoals:4: shoals_end_simple, layout_shoals, serial_shops,
          nicolae_shop_behind_doors, nicolae_shop_firing_range, uniq_louise,
          uniq_roxanne, uniq_polyphemus
Orc:1:    cheibrodos_orc_bank, layout_caves, serial_shops, shop,
          nicolae_orc_pool_cavern
Orc:2:    st_orc_mages, layout_caves, serial_shops, nicolae_shop_trees,
          uniq_rupert
Elf:1:    eino_elf_arrival_shootout, layout_loops_corners, special_room
          [special_room_mythical_zoo], minmay_elf_sorcery, minivault_28

Skill      XL: |  1  2  3  4  5  6  7  8  9 10 11 12 13 14 15 16 17 |
---------------+----------------------------------------------------+-----
Earth Magic    | 4 5 6 8 10 12 13 | 13.0
Conjurations   | 1 4 5 6 8 9 12 13 15 | 15.0
Spellcasting   | 7 8 9 10 | 10.3
Fighting       | 7 8 |  8.0
Maces & Flails | 5 11 14 | 14.0
Shields        | 4 |  4.0
Fire Magic     | 6 7 10 11 13 | 13.3
Evocations     | 4 6 8 |  8.2
Armour         | 6 |  6.0
Summonings     | 6 |  6.3
Dodging        | |  1.5
Stealth        | |  2.1
Transmutations | |  0.7

Action                   |  1- 3 |  4- 6 |  7- 9 | 10-12 | 13-15 | 16-18 || total
-------------------------+-------+-------+-------+-------+-------+-------++-------
Melee: Mace              |     6 |       |     9 |    78 |   150 |   111 ||   354
       Punch             |     1 |       |       |       |       |       ||     1
       Dagger            |       |     9 |       |       |       |       ||     9
       Rapier            |       |       |    40 |       |       |       ||    40
       Staff             |       |       |       |     2 |       |    37 ||    39
       Morningstar       |       |       |       |       |     2 |       ||     2
 Cast: Sandblast         |    40 |    88 |    64 |       |       |       ||   192
       Stone Arrow       |       |     3 |    28 |   146 |   225 |   109 ||   511
       Foxfire           |       |       |   144 |    23 |       |       ||   167
       Mephitic Cloud    |       |       |       |    27 |     2 |       ||    29
       Ignite Poison     |       |       |       |     4 |     1 |       ||     5
       Freezing Cloud    |       |       |       |    66 |   195 |    24 ||   285
       Fireball          |       |       |       |       |    10 |   147 ||   157
       Starburst         |       |       |       |       |    42 |    35 ||    77
       Iron Shot         |       |       |       |       |       |     4 ||     4
Evoke: Wand              |       |       |       |       |     2 |     4 ||     6
       Box of beasts     |       |       |       |       |       |     1 ||     1
  Use: Scroll            |       |     5 |     6 |    16 |     9 |     4 ||    40
       Potion            |       |       |     2 |     2 |    12 |     5 ||    21
 Stab: Confused          |       |       |       |     5 |     2 |       ||     7
       Distracted        |       |       |       |       |     1 |       ||     1
Armor: Robe              |     5 |    20 |    49 |    68 |   124 |       ||   266
       Ring mail         |       |       |       |       |     5 |   201 ||   206
Dodge: Dodged            |    17 |    25 |    59 |    72 |   112 |   106 ||   391
Block: Buckler           |       |       |       |    11 |    78 |   145 ||   234
       Reflection        |       |       |       |       |     6 |    30 ||    36
